 Dungeon Crawl Stone Soup version 0.22-a0-469-gf26638a (webtiles) character file.

10 RedSatellite the Gusty (level 2, -3/15 HPs)
             Began as a Tengu Air Elementalist on June 12, 2018.
             Slain by a gnoll
             ... wielding a +0 halberd
              (9 damage)
             ... on level 1 of the Dungeon.
             The game lasted 00:11:33 (589 turns).

RedSatellite the Gusty (Tengu Air Elementalist)      Turns: 589, Time: 00:11:34

Health: -3/15      AC:  2    Str:  8    XL:     2   Next: 20%
Magic:  6/6        EV: 12    Int: 15    God:
Gold:   11         SH:  0    Dex: 14    Spells: 4/5 levels left

rFire    . . .     SeeInvis .   f - +0 dagger
rCold    . . .     Gourm    .   (no shield)
rNeg     . . .     Faith    .   a - +0 robe
rPois    .         Spirit   .   (helmet restricted)
rElec    .         Reflect  .   (no cloak)
rCorr    .         Harm     .   (no gloves)
MR       .....                  (boots unavailable)
Stlth    ++........             (no amulet)
HPRegen  0.05/turn              (no ring)
MPRegen  0.10/turn              (no ring)

@: no status effects
A: beak, talons 3
a: no special abilities


You were on level 1 of the Dungeon.
You were not hungry.

You visited 1 branch of the dungeon, and saw 2 of its levels.

You collected 11 gold pieces.

Inventory:

Hand Weapons
 f - a +0 dagger (weapon)
Missiles
 j - 30 stones (quivered)
Armour
 a - a +0 robe (worn)
Scrolls
 e - a scroll of identify {unknown}
Potions
 b - a potion of resistance
 d - a potion of might {unknown}
 h - a potion of magic {unknown}
 i - a potion of heal wounds {unknown}
Comestibles
 c - 2 rations
 g - a chunk of flesh


   Skills:
 + Level 2.2 Dodging
 - Level 2.0 Stealth
 + Level 0.2 Unarmed Combat
 * Level 2.1 Spellcasting
 + Level 1.7 Conjurations
 + Level 4.4 Air Magic


You had 4 spell levels left.
You knew the following spells:

 Your Spells              Type           Power        Failure   Level  Hunger
a - Shock                 Conj/Air       ##..         6%          1    #......

Your spell library contained the following spells:

 Spells                   Type           Power        Failure   Level  Hunger
 Lightning Bolt           Conj/Air       ##........   86%         5    ######.
 Swiftness                Chrm/Air       #.......     13%         2    ###....
 Airstrike                Air            ##........   34%         4    #####..
 Static Discharge         Conj/Air       ##......     19%         3    ###....


Dungeon Overview and Level Annotations

Branches:
Dungeon (2/15)

Altars:


Innate Abilities, Weirdness & Mutations

You have a beak for a mouth.
You have claws for feet.


Message History

The gnoll is severely wounded.
The gnoll barely misses you.
You closely miss the gnoll. You claw the gnoll, but do no damage.
Your peck misses the gnoll.
The gnoll is severely wounded.
The gnoll hits you with a halberd!
Ouch! That really hurt!
You are too injured to fight recklessly!
You are too injured to fight recklessly!
You are too injured to fight recklessly!
You are too injured to fight recklessly!
You are too injured to fight recklessly!
You are too injured to fight recklessly!
You are too injured to fight recklessly!
You are too injured to fight recklessly!
You hit the gnoll but do no damage.
The gnoll is severely wounded.
The gnoll hits you with a halberd!
Ouch! That really hurt!
You die...

#.##.##### ..
#####.##.# #####.#
####........#####.....#
≈≈.'...............# #
≈.8##......#######.#.#
≈.###.......# #.#.#
..###.###.### #...#
###....##.########.#.#
.#..............@..#.#
.#.##..#.#####.g##.# .
.#.#............ #.# ##
.#.#..≈#.#####...#..
.....≈.≈.........#.#.
≈≈≈≈≈P⌠.≈........#.#.#
......P≈...>.....#.. .
..<..†≈.....##...### #.
......♣≈.........###


You could see a gnoll.

Vanquished Creatures
  2 dart slugs (D:1)
  A goblin (D:1)
  A kobold (D:1)
  A bat (D:1)
  A frilled lizard (D:1)
  A rat (D:1)
7 creatures vanquished.

Vanquished Creatures (others)
  4 toadstools (D:1)
4 creatures vanquished.

Grand Total: 11 creatures vanquished

Notes
Turn   | Place    | Note
-------+----------+-------------------------------------------
     0 | D:1      | RedSatellite the Tengu Air Elementalist began the quest for the Orb.
     0 | D:1      | Reached XP level 1. HP: 10/10 MP: 4/4
   348 | D:1      | Reached XP level 2. HP: 15/15 MP: 0/6
   589 | D:1      | Slain by a gnoll

Vault maps used:
D:1:      ldierk_water_garden, minmay_misc_feat_ornament, kennysheep_nondescript
D:2:      led_sif_pool

Action                   || total
-------------------------++-------
Melee: Unarmed           ||    10
       Kick              ||     5
       Peck              ||     2
       Dagger            ||     8
 Cast: Shock             ||    18
Armor: Robe              ||     2
Dodge: Dodged            ||    17

Table legend:
 A = Spawn XP
 B = Non-spawn XP
 C = Spawn XP percentage of total XP
 D = Spawn monster count
 E = Non-spawn monster count
 F = Spawn count percentage of total count
 G = Total turns spent on level
                    A         B        C        D         E        F      G
               +---------+---------+-------+---------+---------+-------+---------
         Total |       0 |      15 |   0.0 |       0 |       7 |   0.0 |   589
               +---------+---------+-------+---------+---------+-------+---------
           D:1 |       0 |      15 |   0.0 |       0 |       7 |   0.0 |   587
               +---------+---------+-------+---------+---------+-------+---------
